General information
- name: BNet
- type: Ladder 1vs1/FFA
- host: Battle.net
- saver: BEAR_AND
map: EchoIsles
- players: 2
- length: 24:38
- speed: Fast
- version: 1.27 W3XP
- replay type:

» download(74 KB)
Players
team 1 (winner)
BEAR_AND (
red | 115 APM | 2843 actions | 24:38)
7 Archmage
2 Summon Water Elemental
3 Brilliance Aura
2 Blizzard
3 Mountain King
2 Storm Bolt
1 Bash
2 Paladin
1 Holy Light
1 Divine Shield
» actions
| Assign group hotkey | 52 | |
| Basic commands | 16 | |
| Build / train | 154 | |
| Enter build submenu | 52 | |
| Enter hero's abilities submenu | 13 | |
| Give item / drop item | 10 | |
| Remove unit from queue | 2 | |
| Right click | 1577 | |
| Select / deselect | 504 | |
| Select group hotkey | 248 | |
| Use ability | 215 | |
2843 total
» units
» upgrades
| Masonry | 3 | |
| Lumber Harvesting | 2 | |
| Animal War Training | 1 | |
| Swords | 3 | |
| Armor | 2 | |
| Storm Hammers | 1 | |
| Cloud | 1 | |
| Magic Sentry | 1 | |
| Priest Training | 2 | |
| Sorceress Training | 2 | |
18 total
» buildings
| Altar of Kings | 1 | |
| Farm | 6 | |
| Lumber Mill | 1 | |
| Scout Tower | 83 | |
| Arcane Vault | 2 | |
| Arcane Tower | 8 | |
| Guard Tower | 51 | |
| Town Hall | 1 | |
| Keep | 3 | |
| Castle | 3 | |
| Blacksmith | 2 | |
| Barracks | 2 | |
| Gryphon Aviary | 3 | |
| Arcane Sanctum | 1 | |
167 total
» build order
00:09 Altar of Kings
00:21 Farm
00:33 Farm
00:35 Lumber Mill
01:23 Scout Tower
01:29 Arcane Vault
01:40 Scout Tower
01:53 Arcane Tower
01:53 Arcane Tower
01:53 Arcane Tower
01:57 Scout Tower
02:24 Guard Tower
02:24 Guard Tower
02:25 Guard Tower
02:52 Guard Tower
02:54 Scout Tower
02:55 Scout Tower
03:34 Guard Tower
04:04 Town Hall
04:21 Scout Tower
04:23 Scout Tower
04:27 Scout Tower
04:29 Scout Tower
04:30 Scout Tower
04:30 Scout Tower
04:43 Guard Tower
04:43 Guard Tower
04:44 Guard Tower
05:01 Arcane Tower
05:25 Guard Tower
05:43 Guard Tower
05:49 Guard Tower
06:03 Guard Tower
06:12 Scout Tower
06:13 Scout Tower
06:13 Scout Tower
06:51 Keep
06:51 Keep
06:51 Keep
06:52 Guard Tower
06:52 Guard Tower
06:54 Scout Tower
06:55 Scout Tower
06:55 Scout Tower
07:00 Farm
07:01 Scout Tower
07:03 Scout Tower
07:16 Guard Tower
07:58 Guard Tower
08:01 Scout Tower
08:01 Scout Tower
08:02 Scout Tower
08:03 Scout Tower
08:03 Scout Tower
08:10 Guard Tower
08:32 Arcane Tower
08:34 Arcane Vault
08:37 Guard Tower
08:37 Guard Tower
08:38 Guard Tower
08:38 Guard Tower
08:40 Scout Tower
08:40 Scout Tower
08:40 Scout Tower
08:41 Scout Tower
08:41 Scout Tower
08:42 Scout Tower
08:42 Guard Tower
08:58 Guard Tower
09:08 Guard Tower
09:08 Guard Tower
09:46 Guard Tower
09:49 Castle
09:49 Castle
10:07 Guard Tower
10:09 Scout Tower
10:10 Scout Tower
10:11 Scout Tower
10:12 Scout Tower
10:12 Scout Tower
10:13 Scout Tower
10:13 Scout Tower
10:29 Guard Tower
11:02 Guard Tower
11:05 Scout Tower
11:06 Scout Tower
11:06 Scout Tower
11:07 Scout Tower
11:07 Scout Tower
11:08 Scout Tower
11:09 Scout Tower
11:09 Scout Tower
11:18 Guard Tower
12:15 Guard Tower
12:17 Guard Tower
12:25 Guard Tower
12:53 Guard Tower
12:57 Guard Tower
16:23 Guard Tower
16:26 Blacksmith
16:27 Barracks
16:32 Barracks
16:33 Blacksmith
16:36 Gryphon Aviary
16:37 Gryphon Aviary
16:41 Scout Tower
16:41 Scout Tower
16:42 Scout Tower
16:43 Scout Tower
16:43 Scout Tower
16:44 Scout Tower
16:44 Scout Tower
16:45 Scout Tower
16:50 Scout Tower
16:51 Scout Tower
16:52 Scout Tower
16:52 Scout Tower
16:52 Scout Tower
16:53 Scout Tower
16:54 Scout Tower
16:54 Scout Tower
17:24 Guard Tower
17:26 Guard Tower
17:34 Scout Tower
17:34 Scout Tower
17:35 Scout Tower
17:36 Scout Tower
17:36 Scout Tower
17:37 Scout Tower
17:44 Farm
17:45 Farm
17:45 Farm
17:54 Gryphon Aviary
17:56 Scout Tower
17:57 Scout Tower
17:57 Scout Tower
17:58 Scout Tower
17:59 Scout Tower
17:59 Scout Tower
18:00 Scout Tower
18:25 Guard Tower
18:30 Guard Tower
18:39 Guard Tower
18:54 Arcane Tower
18:54 Guard Tower
19:08 Arcane Sanctum
19:10 Guard Tower
20:01 Scout Tower
20:02 Scout Tower
20:03 Scout Tower
20:03 Scout Tower
20:04 Scout Tower
20:04 Scout Tower
20:05 Scout Tower
20:07 Guard Tower
20:47 Guard Tower
20:49 Guard Tower
21:10 Guard Tower
21:40 Guard Tower
21:50 Arcane Tower
22:49 Guard Tower
» items
| Scroll of Regeneration | 2 | |
| Lesser Clarity Potion | 3 | |
| Staff of Teleportation | 4 | |
| Boots of Speed | 3 | |
| Claws of Attack +6 | 1 | |
| Staff of Sanctuary | 3 | |
| Orb of Fire | 1 | |
| Tome of Retraining | 3 | |
20 total
team 2 (loser)
THCxCBDx420 (
green | 24 APM | 596 actions | 24:31)
1 Mountain King
1 Storm Bolt
1 Paladin
1 Devotion Aura
» actions
| Assign group hotkey | 19 | |
| Build / train | 76 | |
| Enter build submenu | 29 | |
| Enter hero's abilities submenu | 2 | |
| Remove unit from queue | 10 | |
| Right click | 114 | |
| Select / deselect | 155 | |
| Select group hotkey | 156 | |
| Use ability | 35 | |
596 total
» units
| Peasant | 13 | |
| Footman | 9 | |
| Rifleman | 8 | |
| Knight | 4 | |
| Priest | 4 | |
| Sorceress | 1 | |
39 total
» upgrades
| Swords | 3 | |
| Gunpowder | 3 | |
| Armor | 1 | |
| Plating | 2 | |
| Long Rifles | 1 | |
| Defend | 1 | |
| Lumber Harvesting | 2 | |
| Masonry | 2 | |
| Priest Training | 1 | |
| Animal War Training | 1 | |
17 total
» buildings
| Altar of Kings | 1 | |
| Farm | 15 | |
| Barracks | 2 | |
| Keep | 1 | |
| Blacksmith | 1 | |
| Scout Tower | 4 | |
| Castle | 1 | |
| Arcane Tower | 1 | |
| Arcane Sanctum | 1 | |
| Lumber Mill | 1 | |
| Guard Tower | 3 | |
| Workshop | 1 | |
| Town Hall | 1 | |
33 total
» build order
00:09 Altar of Kings
00:47 Farm
00:54 Barracks
01:43 Farm
02:37 Farm
02:42 Farm
03:27 Farm
03:34 Farm
04:30 Farm
04:36 Keep
05:29 Farm
06:08 Farm
06:46 Blacksmith
09:05 Scout Tower
09:25 Castle
09:54 Farm
10:33 Arcane Tower
10:41 Farm
12:08 Arcane Sanctum
12:17 Farm
12:25 Lumber Mill
13:15 Scout Tower
13:51 Guard Tower
14:08 Scout Tower
14:37 Guard Tower
15:02 Barracks
16:00 Farm
16:54 Scout Tower
17:30 Guard Tower
19:39 Farm
20:40 Farm
21:24 Workshop
24:23 Town Hall
Chat log
(00:40 / All) BEAR_AND: hi
(00:48 / All) THCxCBDx420: high
(00:56 / All) BEAR_AND: do u like weed? heh
(01:03 / All) THCxCBDx420: get it cuz weed
(01:05 / All) THCxCBDx420: lol
(01:18 / All) BEAR_AND: thats crazy...isn't weed illegal
(01:37 / All) THCxCBDx420: not in 24 U.S. states
(01:47 / All) BEAR_AND: thats if you lie to a doctor and say "I Need Weed"
(01:55 / All) THCxCBDx420: excuse me?
(02:00 / All) THCxCBDx420: lie to a doctor?
(02:02 / All) BEAR_AND: what's your illness
(02:23 / All) THCxCBDx420: a qualifyig medical condition mother fucker
(02:29 / All) BEAR_AND: yea like being bored lol
(02:47 / All) THCxCBDx420: try ptsd fuck head
(03:00 / All) BEAR_AND: haha sounds chill
(03:08 / All) THCxCBDx420: show some respect
(03:14 / All) BEAR_AND: are u a troop
(03:21 / All) THCxCBDx420: paramedic
(03:43 / All) BEAR_AND: do you ever smoke weed while you work
(04:04 / All) THCxCBDx420: no I have ptsd from being a paramedic
(04:12 / All) THCxCBDx420: i am no longer in that field
(04:14 / All) BEAR_AND: maybe you should switch
(04:16 / All) BEAR_AND: ok cool
(05:03 / All) THCxCBDx420: now i work from home and no longer suffer from anxiety and depression thanks to medical marijuana
(05:13 / All) THCxCBDx420: so try to show some respect please sorry for cursing at you
(05:14 / All) BEAR_AND: that's wonderful......."420"
(05:46 / All) THCxCBDx420: it helps me and other patients
(06:44 / All) BEAR_AND: don't you think it'd be weird if someone that took SSRIs made their name like "prosac_ssri_420"
(06:58 / All) THCxCBDx420: yes
(07:13 / All) BEAR_AND: hm interesting
(07:13 / All) THCxCBDx420: because marijuana is completely different than pharmaceuticals
(07:28 / All) THCxCBDx420: completely different culture and attitude
(07:36 / All) BEAR_AND: yeah the culture is definitely different lol
(07:37 / All) THCxCBDx420: maybe you should look into it some time
(08:21 / All) BEAR_AND: its cool that you got green this game
(10:03 / All) BEAR_AND: so in states where MMJ is legal do jobs still test
(10:27 / All) THCxCBDx420: i mean that depends on the job
(10:40 / All) BEAR_AND: like jobs that don't involve heavy machinery and stuff
(10:45 / All) BEAR_AND: like govt office job
(11:17 / All) THCxCBDx420: it asks if you are a medical patient if you test positive
(11:32 / All) THCxCBDx420: then its up to the hiring person i guess
(11:33 / All) BEAR_AND: but does the lab tell the employer
(11:37 / All) THCxCBDx420: i don't really have to worry about that
(11:48 / All) THCxCBDx420: yes because they paid for it
(11:52 / All) BEAR_AND: hm
(13:32 / All) BEAR_AND: so what's got you playing war3 in 2016
(13:45 / All) THCxCBDx420: i've been playing since launch
(13:53 / All) BEAR_AND: seriously
(14:02 / All) THCxCBDx420: yep
(14:05 / All) BEAR_AND: why are you so bad then lol
(14:27 / All) THCxCBDx420: cuz some ass hat pissed me off and got me ranting about my private affairs
(14:30 / All) THCxCBDx420: lol
(14:32 / All) BEAR_AND: lol
(14:55 / All) BEAR_AND: if you've been playing online rts for 13 years i'd expect a thicker skin
(15:28 / All) THCxCBDx420: i have never been condesended for my name and my medication in many years
(15:37 / All) THCxCBDx420: it truly caught me off gaurd to run in to some one so close minded
(15:38 / All) BEAR_AND: prozac_ssri_420 lol
(20:21 / All) BEAR_AND: are you high right now lol
(22:06 / All) BEAR_AND: omg dude
(22:10 / All) THCxCBDx420: wtf you took all the creeps
(22:16 / All) BEAR_AND: yeah lol you must be high as shit
(22:23 / All) BEAR_AND: this is like minute 25 of this game
(24:05 / All) BEAR_AND: haha